 Dungeon Crawl Stone Soup version 0.27.0-1-g7a089689b8 (webtiles) character file.

Game seed: 12744003167372243315

8432 sasquatch the Severer (level 11, 0/75 HPs)
             Began as a Demonspawn Berserker on Aug 6, 2021.
             Was an Elder of Trog.
             Slain by a boulder beetle (23 damage)
             ... on level 11 of the Dungeon.
             The game lasted 00:14:16 (11409 turns).

sasquatch the Severer (Demonspawn Berserker)       Turns: 11409, Time: 00:14:17

Health: 0/75       AC: 17    Str: 21    XL:     11   Next: 9%
Magic:  11/11      EV:  6    Int:  9    God:    Trog [****..]
Gold:   168        SH:  0    Dex: 12    Spells: 10/10 levels left

rFire    . . .     SeeInvis .   o - +2 short sword (venom)
rCold    . . .     Faith    .   (no shield)
rNeg     . . .     Spirit   .   J - +0 plate armour of the Dice {rPois Regen+ Stlth+}
rPois    +         Reflect  .   (no helmet)
rElec    .         Harm     .   H - +0 cloak {Stlth+}
rCorr    .         Rampage  .   f - +0 pair of gloves
Will     .....                  I - +0 pair of boots
Stlth    ..........             q - amulet of magic regeneration
HPRegen  1.22/turn              (no ring)
MPRegen  0.37/turn              (no ring)

@: no status effects
A: hooves 2, slimy green scales 2, ignite blood 1, powered by pain 1,
augmentation 1
a: Renounce Religion, Berserk, Trog's Hand, Brothers in Arms


You were on level 11 of the Dungeon.
You worshipped Trog.
Trog was greatly pleased with you.
You visited 1 branch of the dungeon, and saw 11 of its levels.

You collected 649 gold pieces.
You spent 481 gold pieces at shops.

Inventory:

Hand Weapons
 o - a +2 short sword of venom (weapon)
 E - a +0 war axe
Missiles
 b - 3 throwing nets
 i - 8 curare-tipped darts (quivered)
 z - 25 poisoned darts
Armour
 f - a +0 pair of gloves (worn)
 j - a +0 scale mail
 H - a +0 cloak of stealth (worn)
 I - a +0 pair of boots (worn)
 J - the +0 plate armour of the Dice (worn) {rPois Regen+ Stlth+}
   (You bought it in a shop on level 2 of the Dungeon)

   rPois:     It protects you from poison.
   Regen:     It increases your rate of health regeneration.
   Stlth:     It makes you more stealthy.
Jewellery
 q - an amulet of magic regeneration (around neck)
 s - a ring of fire
Wands
 a - a wand of flame (42)
 A - a wand of paralysis (8)
 C - a wand of polymorph (8)
 M - a wand of acid (10)
Scrolls
 e - a scroll of vulnerability {unknown}
 g - 2 scrolls of fog {unknown}
 h - 8 scrolls of identify {unknown}
 k - 4 scrolls of teleportation {unknown}
 r - a scroll of enchant armour {unknown}
 u - a scroll of immolation {unknown}
 v - 2 scrolls of noise {unknown}
 x - a scroll of magic mapping {unknown}
 y - a scroll of silence {unknown}
 B - a scroll of blinking {unknown}
 D - a scroll of torment {unknown}
 G - a scroll of summoning {unknown}
 K - a scroll of amnesia {unknown}
 L - a scroll of enchant weapon {unknown}
Potions
 c - 2 potions of ambrosia {unknown}
 d - 2 potions of brilliance {unknown}
 l - a potion of cancellation {unknown}
 m - 2 potions of lignification {unknown}
 n - 4 potions of mutation {unknown}
 p - a potion of heal wounds {unknown}
 t - 2 potions of curing {unknown}
 w - 3 potions of might {unknown}
 F - a potion of flight {unknown}


   Skills:
 - Level 3.0 Fighting
 + Level 15.2 Axes
 - Level 1.7 Armour
 - Level 1.7 Dodging


You had 10 spell levels left.
You didn't know any spells.
Your spell library was empty.

Dungeon Overview and Level Annotations

Branches:
Dungeon (11/15)            Temple (0/1) D:5            Lair (0/6) D:10
    Orc: D:9-12

Altars:
Ashenzari
Gozag
Nemelex Xobeh
Qazlal
Ru
Xom
Zin
The Shining One

Shops:
D:1 *   D:2 [   D:3 *   D:8 *


Innate Abilities, Weirdness & Mutations

You have hoof-like feet.
You are mostly covered in slimy green scales. (AC +3)
Your demonic aura sometimes causes spilled blood to erupt in flames.
You sometimes gain a little power by taking damage.
Your magical and physical power is slightly enhanced at high health.


Message History

You start resting.
HP restored.
Your +2 short sword of venom begins to drip with poison!
o - a +2 short sword of venom (weapon)
You climb downwards.
The boulder beetle curls into a ball and begins rolling!
There is a stone staircase leading up, spattered with blood here.
You climb upwards.
There is a stone staircase leading down, spattered with blood here.
You climb downwards.
The boulder beetle hits you but does no damage.
The boulder beetle stops rolling and uncurls.
There is a stone staircase leading up, spattered with blood here.
You hit the boulder beetle but do no damage.
The boulder beetle is poisoned.
The boulder beetle barely misses you.
You hit the boulder beetle but do no damage.
The boulder beetle looks as sick as possible!
The boulder beetle is lightly wounded.
The boulder beetle bites you!
A yak comes into view.
You completely miss the boulder beetle.
The boulder beetle is lightly wounded.
The boulder beetle bites you.
The boulder beetle bites you but does no damage.
Your plate armour of the Dice prevents you from hitting the boulder beetle.
The boulder beetle is lightly wounded.
The boulder beetle bites you but does no damage.
You hit the boulder beetle but do no damage.
The boulder beetle looks as sick as possible!
The boulder beetle is moderately wounded.
The boulder beetle bites you but does no damage.
You hit the boulder beetle.
The boulder beetle is moderately wounded.
The boulder beetle bites you!!
You hit the boulder beetle.
The boulder beetle is heavily wounded.
The boulder beetle bites you!!
* * * LOW HITPOINT WARNING * * *
The boulder beetle bites you!!
You die...

########+####
#...........###########
#...........'.#........
#...........#.'........
#.......Y..<###........
#.....°.....# #........
#.....@B....# #........
+...........# #........
#...........# #........
##########+## ######'##
##.# ##..# #..##
###'#### #.......


You could see a boulder beetle (extremely poisoned) and a yak.

Vanquished Creatures
  2 two-headed ogres (D:9)
  Maurice (D:9)
  The ghost of pigah the Skirmisher, a novice OpWn (D:5)
  4 trolls
  Prince Ribbit (D:8)
  A shadow (D:11)
  10 yaks
  6 water moccasins
  4 black bears (D:10)
  A hornet zombie (D:4)
  3 orc warriors
  A sky beast (D:9)
  A necrophage (D:5)
  An ogre (D:5)
  5 centaurs
  A phantom (D:7)
  2 kobold brigands
  3 bullfrogs
  A gnoll sergeant (D:10)
  4 scorpions
  2 water moccasin zombies (D:5)
  5 killer bees (D:10)
  A howler monkey (D:9)
  A bullfrog zombie (D:5)
  2 jellies
  3 hounds
  2 gnoll shamans
  2 orc priests
  A centaur skeleton (D:5)
  2 iguanas (D:5)
  6 orc wizards
  A killer bee zombie (D:7)
  A howler monkey zombie (D:8)
  6 adders
  16 gnolls
  A shadow imp (D:8)
  3 white imps
  4 dart slugs
  14 orcs
  6 endoplasms
  A giant cockroach (D:1)
  5 goblins
  4 hobgoblins
  8 jackals (D:4)
  9 kobolds
  2 quokkas
  7 ball pythons
  6 bats
  6 frilled lizards
  A rat (D:3)
181 creatures vanquished.

Vanquished Creatures (others)
  44 fungi (D:10)
  36 plants
80 creatures vanquished.

Grand Total: 261 creatures vanquished

Notes
Turn   | Place    | Note
-------+----------+-------------------------------------------
     0 | D:1      | sasquatch the Demonspawn Berserker began the quest for the
                  | Orb.
     0 | D:1      | Reached XP level 1. HP: 18/18 MP: 1/1
   207 | D:1      | Found Awkaplit's Assorted Antiques.
   213 | D:1      | Reached skill level 3 in Axes
   297 | D:1      | Gained mutation: You have large cloven feet. [demonic
                  | ancestry]
   297 | D:1      | Reached XP level 2. HP: 23/24 MP: 2/2
   471 | D:1      | Found a faded altar of an unknown god.
  1092 | D:2      | Gained mutation: You are partially covered in slimy green
                  | scales. (AC +2) [demonic ancestry]
  1092 | D:2      | Reached XP level 3. HP: 12/29 MP: 3/3
  1095 | D:2      | Reached skill level 4 in Axes
  1620 | D:2      | Reached XP level 4. HP: 35/35 MP: 4/4
  1678 | D:2      | Found Pittu's Armour Boutique.
  1711 | D:2      | Reached ** piety under Trog
  2160 | D:3      | Found Gozag's Platinum Reserve.
  2163 | D:3      | Found an opulent altar of Gozag.
  2300 | D:3      | Reached skill level 5 in Axes
  2317 | D:3      | Gained mutation: You are mostly covered in slimy green
                  | scales. (AC +3) [demonic ancestry]
  2317 | D:3      | Reached XP level 5. HP: 41/41 MP: 5/5
  2722 | D:4      | Reached skill level 6 in Axes
  2881 | D:4      | Reached XP level 6. HP: 47/47 MP: 6/6
  3138 | D:4      | Reached *** piety under Trog
  3416 | D:4      | Reached skill level 7 in Axes
  3593 | D:5      | Entered Level 5 of the Dungeon
  3641 | D:5      | Gained mutation: Your demonic aura sometimes causes spilled
                  | blood to erupt in flames. [demonic ancestry]
  3641 | D:5      | Reached XP level 7. HP: 51/52 MP: 7/7
  3789 | D:5      | Found a runed translucent gate.
  3789 | D:5      | Found a runed translucent gate.
  3789 | D:5      | Found a runed translucent gate.
  3876 | D:5      | Found a staircase to the Ecumenical Temple.
  3908 | D:5      | Noticed pigah's ghost (novice OpWn)
  3929 | D:5      | Reached skill level 8 in Axes
  4323 | D:5      | Found a sparkling altar of Nemelex Xobeh.
  4477 | D:5      | Killed pigah's ghost
  4478 | D:5      | Reached skill level 9 in Axes
  4478 | D:5      | Gained mutation: You have hoof-like feet. [demonic
                  | ancestry]
  4478 | D:5      | Reached XP level 8. HP: 58/58 MP: 8/8
  4800 | D:6      | Reached skill level 10 in Axes
  5538 | D:7      | Noticed a troll
  5544 | D:7      | Killed a troll
  5836 | D:7      | Reached skill level 11 in Axes
  5836 | D:7      | Gained mutation: You sometimes gain a little power by
                  | taking damage. [demonic ancestry]
  5836 | D:7      | Reached XP level 9. HP: 49/63 MP: 9/9
  6789 | D:8      | Noticed Prince Ribbit
  6810 | D:8      | Killed Prince Ribbit
  6940 | D:8      | Found Veojep's Lightly-Used Armoury.
  7027 | D:9      | Reached skill level 12 in Axes
  8234 | D:9      | Noticed a two-headed ogre
  8240 | D:9      | Killed a two-headed ogre
  8241 | D:9      | Reached skill level 13 in Axes
  8241 | D:9      | Reached XP level 10. HP: 70/70 MP: 10/10
  8341 | D:9      | Reached **** piety under Trog
  8642 | D:9      | Noticed a two-headed ogre
  8648 | D:9      | Killed a two-headed ogre
  8771 | D:9      | Found a shimmering altar of Xom.
  8892 | D:9      | Reached skill level 14 in Axes
  9085 | D:9      | Noticed Maurice
  9123 | D:9      | Killed Maurice
  9433 | D:10     | Entered Level 10 of the Dungeon
  9435 | D:10     | Found a staircase to the Lair.
 10525 | D:2      | Bought the +0 plate armour of the Dice {rPois Regen+
                  | Stlth+} for 481 gold pieces
 10823 | D:10     | Found a stormy altar of Qazlal.
 10886 | D:10     | Found a sacrificial altar of Ru.
 10911 | D:10     | Reached skill level 15 in Axes
 10911 | D:10     | Gained mutation: Your magical and physical power is
                  | slightly enhanced at high health. [demonic ancestry]
 10911 | D:10     | Reached XP level 11. HP: 72/75 MP: 11/11
 11093 | D:10     | Found a broken altar of Ashenzari.
 11282 | D:11     | Noticed a boulder beetle
 11409 | D:11     | Slain by a boulder beetle

Illustrated notes

Levels and vault maps discovered:
D:1:      amcnicky_arrival_choice, layout_rooms, serial_shops, shop,
          hellmonk_ecumenical_altar_arch_garden
D:2:      layout_loops_ring, serial_shops, shop, dk_noncrumbling_4,
          grunt_ministairs_6, chequers_serial_rivers_marsh, minmay_octomino_e4
D:3:      layout_loops_cross, nicolae_gozag_zags_fifth_avenue, nrook_campfire
D:4:      layout_rooms
D:5:      layout_basic, zin_treasury, nemelex_altar_shiori,
          mainiacjoe_overflow_boulevard, temple_green,
          gammafunk_ghost_necromancy, hangedman_abyss_or_decor_stagger
D:6:      layout_basic
D:7:      layout_loops_ring
D:8:      layout_basic, st_stairs_3, minmay_shop_damaged, uniq_prince_ribbit1
D:9:      layout_loops_ring, mainiacjoe_overflow_six_doors_small, uniq_maurice
D:10:     layout_basic, mainiacjoe_overflow_small_starburst,
          mainiacjoe_overflow_big_doors, due_lair_maze_entry_diamond
D:11:     layout_roguey [special_room_orc], serial_shops, shop_statue,
          ebering_ghost_disaster_area, ebering_dispersal_statue_hall

Skill      XL: |  1  2  3  4  5  6  7  8  9 10 |
---------------+-------------------------------+-----
Axes           | 3 4 5 6 7 9 11 13 15 | 15.2
Fighting       | |  3.0
Armour         | |  1.7
Dodging        | |  1.7

Action                   |  1- 3 |  4- 6 |  7- 9 | 10-12 || total
-------------------------+-------+-------+-------+-------++-------
Melee: Hand axe          |    65 |   162 |   260 |       ||   487
       Kick              |    11 |    34 |    82 |    35 ||   162
       War axe           |       |       |    24 |   177 ||   201
       Short sword       |       |       |       |     7 ||     7
Invok: Berserk           |     1 |     4 |     9 |     6 ||    20
       Trog's Hand       |       |       |     4 |     1 ||     5
Evoke: Wand              |       |       |     2 |       ||     2
 Stab: Paralysed         |       |       |     4 |       ||     4
Armor: Scale mail        |    26 |    81 |   116 |    74 ||   297
       Animal skin       |     2 |       |       |       ||     2
       Plate armour      |       |       |       |    23 ||    23
Dodge: Dodged            |    37 |    94 |   137 |    62 ||   330
